 Dungeon Crawl Stone Soup version 0.30.1-11-g7821555f0a (webtiles) character file.

Game seed: 5356014028091400084

2034 Ankhtithe the Conjurer (level 8, -5/57 HPs)
             Began as a Demigod Conjurer on Nov 4, 2023.
             Slain by an ogre
             ... wielding a +0 giant club
              (11 damage)
             ... on level 6 of the Dungeon.
             The game lasted 00:33:31 (7201 turns).

Ankhtithe the Conjurer (Demigod Conjurer)           Turns: 7201, Time: 00:33:32

Health: -5/57      AC:  4    Str:  8    XL:     8   Next: 74%
Magic:  13/19      EV: 12    Int: 28    God:
Gold:   320        SH:  0    Dex: 12    Spells: 6/17 levels left

rFire   . . .        j - +1 dagger (venom)
rCold   . . .        (no shield)
rNeg    . . .        a - +0 robe
rPois   .            i - +0 helmet
rElec   .            (no cloak)
rCorr   .            (no gloves)
SInv    .            g - +0 pair of boots
Will    .....        (no amulet)
Stlth   ++           (no ring)
HPRegen 0.29/turn    (no ring)
MPRegen 0.16/turn

%: no passive effects
@: no status effects
A: high MP 1, forlorn, divine attributes
a: no special abilities


You were on level 6 of the Dungeon.
You visited 1 branch of the dungeon, and saw 6 of its levels.

You collected 320 gold pieces.

Inventory:

Hand Weapons
 e - a +0 long sword
 j - a +1 dagger of venom (weapon)
 w - a +3 long sword
Missiles
 d - a throwing net
 f - 5 javelins
 h - 4 curare-tipped darts (quivered)
Armour
 a - a +0 robe (worn)
 g - a +0 pair of boots (worn)
 i - a +0 helmet (worn)
Jewellery
 r - a ring of fire
Wands
 o - a wand of charming (12)
 p - a wand of roots (8)
Scrolls
 c - a scroll of poison
 s - 3 scrolls of teleportation
 t - 2 scrolls of identify
 u - a scroll of blinking {unknown}
 v - 2 scrolls of fog
 x - a scroll of vulnerability {unknown}
Potions
 b - a potion of magic
 k - a potion of berserk rage
 l - 4 potions of lignification
 m - a potion of invisibility
 n - a potion of curing
 q - 3 potions of flight


   Skills:
 - Level 2.0 Dodging
 - Level 2.0 Stealth
 + Level 5.2 Spellcasting
 + Level 7.5 Conjurations
 - Level 5.0 Necromancy
 * Level 3.6 Translocations


You had 6 spell levels left.
You knew the following spells:

 Your Spells              Type           Power      Damage    Failure   Level
a - Magic Dart            Conj           100%       1d8       1%          1
c - Iskenderun's Mystic   Conj/Tloc      38%        2d9       6%          4
d - Vampiric Draining     Necr           35%        2d8       2%          3
r - Necrotise             Necr           100%       1d9       1%          1
s - Searing Ray           Conj           98%        2d8       1%          2

Your spell library contained the following spells:

 Spells                   Type           Power      Damage    Failure   Level
 Dazzling Flash           Conj/Hex       56%        N/A       4%          3
 Fulminant Prism          Conj/Hex       14%        3d8       14%         4
 Agony                    Necr           35%        N/A       22%         5


Dungeon Overview and Level Annotations

Branches:
Dungeon (6/15)
 Temple: D:4-7


Innate Abilities, Weirdness & Mutations

You have an increased reservoir of magic. (+10% MP)
You shall have no god before yourself.
Your divine heritage dramatically boosts your attributes as you level up.


Message History

Casting: Searing Ray (safe; 1% risk of failure)
Confirm with . or Enter, or press ? or * to list all spells.
Aiming: Magic Dart (safe; 1% risk of failure)
Press: ? - help, Shift-Dir - straight line, f - ogre
Aim: an ogre, wielding a +0 giant club (100% to hit)
The magic dart hits the ogre.
The ogre is lightly wounded.
Casting: Magic Dart (safe; 1% risk of failure)
Confirm with . or Enter, or press ? or * to list all spells.
Aiming: Searing Ray (safe; 1% risk of failure)
Press: ? - help, Shift-Dir - straight line, f/p - ogre
Aim: an ogre, wielding a +0 giant club (92% to hit)
The searing ray hits the ogre.
The ogre is lightly wounded. (Press . to maintain the ray.)
Casting: Searing Ray (safe; 1% risk of failure)
Confirm with . or Enter, or press ? or * to list all spells.
Restarting spell: Searing Ray (safe; 1% risk of failure)
Press: ? - help, Shift-Dir - straight line, f/p - ogre
Aim: an ogre, wielding a +0 giant club (lightly wounded, 92% to hit)
The searing ray hits the ogre!
The ogre is moderately wounded. (Press . to maintain the ray.)
The ogre hits you with a +0 giant club!
You hit the ogre but do no damage.
The ogre is moderately wounded.
The ogre hits you with a +0 giant club!
Casting: Searing Ray (safe; 1% risk of failure)
Confirm with . or Enter, or press ? or * to list all spells.
Aiming: Searing Ray (safe; 1% risk of failure)
Press: ? - help, Shift-Dir - straight line, f/p - ogre
Aim: an ogre, wielding a +0 giant club (moderately wounded, 92% to hit)
The searing ray hits the ogre.
The ogre is heavily wounded. (Press . to maintain the ray.)
The ogre attacks as you move away!
The ogre hits you with a +0 giant club!!
* * * LOW HITPOINT WARNING * * *
The ogre attacks as you move away! The ogre hits you with a +0 giant club!
You die...

## #.. ###.# .. ....#
######### .. ###...#
#........ .( ###...#.#
#........ <.
#.....#.###.......? #.##
#.##.....@O........ #..#
#.##.....##........
##.#####.##...########.###
.........##...# #
.......#.)....#
.......)).....#
........###....<..
..#.....# .).......
.###...............


You could see an ogre.

Vanquished Creatures
  Sigmund (D:3)
  Edmund (D:6)
  A black bear (D:6)
  A sky beast (D:4)
  3 ogres
  2 phantoms
  A kobold brigand (D:5)
  A scorpion (D:5)
  5 wights
  4 hounds
  An orc priest (D:6)
  2 jellies
  3 iguanas
  Jessica (D:3)
  A sleepcap (D:6)
  Terence (D:2)
  Natasha (thrice) (D:3)
  6 orc wizards
  Robin (D:2)
  9 adders
  An ufetubus (D:5)
  A worm (D:4)
  2 dart slugs
  23 orcs
  9 endoplasms
  A giant cockroach (D:4)
  13 goblins
  9 hobgoblins
  3 jackals (D:1)
  2 quokkas (D:5)
  2 ball pythons (D:1)
  5 bats
  4 frilled lizards
  14 kobolds
  5 rats
142 creatures vanquished.

Notes
Turn   | Place    | Note
-------+----------+-------------------------------------------
     0 | D:1      | Ankhtithe the Demigod Conjurer began the quest for the Orb.
     0 | D:1      | Reached XP level 1. HP: 14/14 MP: 5/5
   833 | D:1      | Reached XP level 2. HP: 20/20 MP: 4/7
   839 | D:1      | Learned a level 1 spell: Necrotise
   842 | D:1      | Learned a level 2 spell: Searing Ray
  1806 | D:2      | Reached skill level 1 in Necromancy
  1832 | D:2      | Noticed Robin
  1838 | D:2      | Reached skill level 4 in Conjurations
  1838 | D:2      | Reached XP level 3. HP: 18/26 MP: 4/8
  1843 | D:2      | Killed Robin
  2192 | D:2      | Noticed Terence
  2234 | D:2      | Killed Terence
  2235 | D:2      | Reached XP level 4. HP: 14/33 MP: 1/10
  2246 | D:2      | HP: 1/33 [poisoned by an adder]
  2717 | D:3      | Reached XP level 5. HP: 38/38 MP: 5/11
  2785 | D:3      | Noticed Jessica
  2787 | D:3      | Killed Jessica
  2937 | D:3      | Noticed an ogre
  2944 | D:3      | Killed an ogre
  3029 | D:3      | Noticed Natasha
  3032 | D:3      | Killed Natasha
  3033 | D:3      | Reached XP level 6. HP: 42/45 MP: 6/13
  3145 | D:3      | Noticed Natasha
  3149 | D:3      | Killed Natasha
  3243 | D:3      | Noticed Sigmund
  3257 | D:3      | Killed Sigmund
  3258 | D:3      | Reached skill level 5 in Conjurations
  3420 | D:3      | Noticed Natasha
  3429 | D:3      | Killed Natasha
  3905 | D:4      | Reached XP level 7. HP: 41/50 MP: 1/15
  4385 | D:4      | Reached skill level 6 in Conjurations
  5226 | D:5      | Entered Level 5 of the Dungeon
  5424 | D:5      | Reached XP level 8. HP: 26/57 MP: 5/18
  5684 | D:5      | Reached skill level 7 in Conjurations
  5684 | D:5      | Reached skill level 5 in Necromancy
  5823 | D:5      | Learned a level 3 spell: Vampiric Draining
  5828 | D:5      | Learned a level 4 spell: Iskenderun's Mystic Blast
  6151 | D:6      | Noticed Edmund
  6159 | D:5      | Reached skill level 1 in Translocations
  6318 | D:6      | Killed Edmund
  6320 | D:6      | Reached skill level 5 in Spellcasting
  7201 | D:6      | Slain by an ogre

Illustrated notes

Levels and vault maps discovered:
D:1:      minmay_arrival_stair_chambers, layout_basic, minmay_vboxes
D:2:      layout_loops_ring, uniq_robin, uniq_terence
D:3:      layout_loops_cross, uniq_sigmund, uniq_jessica, uniq_natasha
D:4:      layout_basic, nicolae_qazlal_eye_of_the_storm,
          minmay_misc_feat_four_crosses
D:5:      layout_basic, riverfiend_overflow_shadow_ancestor,
          mainiacjoe_overflow_surrounded_room
D:6:      layout_rooms, uniq_edmund, uniq_menkaure

Skill      XL: |  1  2  3  4  5  6  7  8 |
---------------+-------------------------+-----
Stealth        | 2 |  2.0
Dodging        | 2 |  2.0
Spellcasting   | 2 3 4 5 |  5.2
Necromancy     | 1 2 3 4 5 |  5.0
Conjurations   | 4 5 6 7 |  7.5
Translocations | 3 |  3.6

Action                     |  1- 3 |  4- 6 |  7- 9 || total
---------------------------+-------+-------+-------++-------
  Melee: Dagger            |    28 |    17 |    59 ||   104
         Punch             |     1 |     2 |       ||     3
  Throw: Dart              |     1 |       |     1 ||     2
   Cast: Magic Dart        |    45 |    51 |    97 ||   193
         Necrotise         |     6 |       |     2 ||     8
         Searing Ray       |    12 |    25 |    64 ||   101
         Iskenderun's Myst |       |       |     2 ||     2
    Use: Scroll            |     4 |     5 |     2 ||    11
         Potion            |     1 |     5 |       ||     6
 Armour: Robe              |     7 |     8 |    25 ||    40
  Dodge: Dodged            |    26 |    19 |    58 ||   103
